 Dungeon Crawl Stone Soup version 0.31-a0-626-g8143ab4f1d (webtiles) character file.

Game seed: 9450623741034606399

59 IdlyInterested the Chopper (level 3, -1/27 HPs)
             Began as a Demonspawn Gladiator on Aug 24, 2023.
             Succumbed to an orc wizard's poison
             ... on level 2 of the Dungeon.
             The game lasted 00:04:11 (1467 turns).

IdlyInterested the Chopper (Demonspawn Gladiator)   Turns: 1467, Time: 00:04:12

Health: -1/27      AC:  7    Str: 16    XL:     3   Next: 78%
Magic:  3/3        EV: 12    Int:  9    God:
Gold:   115        SH:  4    Dex: 16    Spells: 2/2 levels left

rFire   . . .        a - +0 war axe
rCold   . . .        (no shield)
rNeg    + . .        w - +1 leather armour {rN+}
rPois   .            c - +0 helmet
rElec   .            (no cloak)
rCorr   .            r - +0 pair of gloves
SInv    .            m - +0 pair of boots
Will    .....        (no amulet)
Stlth   +++          h - +4 ring of slaying
HPRegen 0.24/turn    (no ring)
MPRegen 0.08/turn

%: no passive effects
@: lethally poisoned (-1 -> -20)
A: thin skeletal structure 1, condensation shield
a: no special abilities


You were on level 2 of the Dungeon.
You visited 1 branch of the dungeon, and saw 2 of its levels.

You collected 115 gold pieces.

Inventory:

Hand Weapons
 a - a +0 war axe (weapon)
 i - a +0 mace
Missiles
 d - 3 throwing nets
 e - a javelin
 k - 3 stones (quivered)
 v - 2 darts of dispersal
Armour
 c - a +0 helmet (worn)
 m - a +0 pair of boots (worn)
 r - a +0 pair of gloves (worn)
 u - a +0 chain mail
 w - a +1 leather armour of positive energy (worn)
Jewellery
 h - a +4 ring of slaying (left hand)
Talismans
 o - a flux talisman
Scrolls
 f - a scroll of enchant weapon {unknown}
 g - a scroll of noise {unknown}
 j - 6 scrolls of identify {unknown}
 l - a scroll of immolation {unknown}
 n - a scroll of poison
 p - a scroll of enchant armour {unknown}
 t - a scroll of teleportation {unknown}
Potions
 b - a potion of haste {unknown}
 s - a potion of invisibility {unknown}


   Skills:
 - Level 2.0 Fighting
 * Level 3.8 Axes
 - Level 1.7 Throwing
 + Level 1.2 Armour
 - Level 2.6 Dodging
 - Level 1.0 Stealth


You had 2 spell levels left.
You didn't know any spells.
Your spell library contained the following spells:

 Spells                   Type           Power      Damage    Failure   Level
 Apportation              Tloc           0%         N/A       45%         1
 Alistair's Intoxication  Tmut/Pois      0%         N/A       100%        5
 Haunt                    Necr/Summ      0%         N/A       100%        7
 Borgnjor's Revivificati  Necr           0%         N/A       100%        8
 Death's Door             Necr           0%         N/A       100%        9


Dungeon Overview and Level Annotations

Branches:
Dungeon (2/15)

Altars:


Innate Abilities, Weirdness & Mutations

You have a somewhat thin skeletal structure. (Dex +2, Stealth+)
A meltable shield of frost defends you. (SH +4)


Message History

You closely miss the orc.
The orc wizard points at you and mumbles some strange words.
The magic dart hits you. The orc misses you.
You closely miss the orc. The orc barely misses you.
The orc hits you with a +0 war axe.
You slash the orc!
You kill the orc!
You closely miss the orc. The orc hits you with a +0 falchion.
You slash the orc!
You kill the orc!
You hit the orc wizard.
The orc wizard hits you but does no damage.
You block the orc wizard's attack. The orc hits you but does no damage.
You hit the orc.
The orc is moderately wounded.
You barely miss the orc wizard. The orc barely misses you.
The orc wizard hits you but does no damage.
You are poisoned.
You hit the orc wizard.
The orc wizard is severely wounded.
You slash the orc!
You kill the orc!
You feel very sick.
The orc wizard casts a spell.
The orc wizard flickers and vanishes!
Deactivating autopickup; reactivate with Ctrl-A.
You barely miss something.
You feel sick. Something hits you but does no damage.
You are lethally poisoned!
You miss something.
You feel very sick. Something barely misses you.
Something hits you but does no damage.
You are more poisoned.
You miss something.
* * * LOW HITPOINT WARNING * * *
You feel very sick. Something hits you but does no damage.
You are more poisoned.
You barely miss something.
You die...

.<......# .# ##.#.####
#........... # .#
#..........# # .# #.
#..........# # .# #..
#..........# # .#
#...#..........# # .#
#...#..........# # ..
##...#..{))....# #
.........@.....# #####
.........#...### #...#
#.........#.###
....###.........#.#
.....##.........#+######
........................
#....#..................
....##..................
..#.##..................


There were no monsters in sight!

Vanquished Creatures
  A worm (D:2)
  2 dart slugs
  3 orcs (D:2)
  4 ball pythons
  3 bats (D:2)
  3 endoplasms
  A giant cockroach (D:2)
  2 goblins (D:1)
  6 hobgoblins
  4 jackals
  3 quokkas
  4 frilled lizards
  3 kobolds
  5 rats
44 creatures vanquished.

Notes
Turn   | Place    | Note
-------+----------+-------------------------------------------
     0 | D:1      | IdlyInterested the Demonspawn Gladiator began the quest for
                  | the Orb.
     0 | D:1      | Reached XP level 1. HP: 16/16 MP: 1/1
   128 | D:1      | Reached skill level 3 in Axes
   209 | D:1      | Gained mutation: You have a somewhat thin skeletal
                  | structure. (Dex +2, Stealth+) [demonic ancestry]
   209 | D:1      | Reached XP level 2. HP: 22/22 MP: 2/2
   244 | D:1      | Reached skill level 1 in Armour
   803 | D:2      | Gained mutation: A meltable shield of frost defends you.
                  | (SH +4) [demonic ancestry]
   803 | D:2      | Reached XP level 3. HP: 20/27 MP: 3/3
   836 | D:2      | Reached skill level 1 in Stealth
  1467 | D:2      | Succumbed to an orc wizard's poison

Illustrated notes

Levels and vault maps discovered:
D:1:      dpeg_arrival_tiny_f, layout_loops_ring, minmay_cupped
D:2:      layout_basic, minmay_fractal_squares_5

Skill      XL: |  1  2  3 |
---------------+----------+-----
Axes           | 3 |  3.8
Armour         | 1 |  1.2
Stealth        | 1 |  1.0
Fighting       | |  2.0
Throwing       | |  1.7
Dodging        | |  2.6

Action                     || total
---------------------------++-------
  Melee: War axe           ||    87
  Throw: Stone             ||     1
    Use: Scroll            ||     1
   Stab: Sleeping          ||     4
         Distracted        ||     1
 Armour: Leather armour    ||    18
         Ring mail         ||     6
         Chain mail        ||     1
  Dodge: Dodged            ||    60
  Block: Other             ||     4

Table legend: (Time is in decaauts)
 A = Elapsed time spent in this place.
 B = Non-inter-level travel time spent in this place.
 C = Inter-level travel time spent in this place.
 D = Time resting spent in this place.
 E = Time spent auto-exploring this place.
 F = Levels seen in this place.
 G = Mean time per level.
                   A        B        C        D        E       F      G
               +--------+--------+--------+--------+--------+-----+--------+
         Total |   1495 |   1386 |    109 |    100 |    790 |   2 |  747.5 |
       Dungeon |   1495 |   1386 |    109 |    100 |    790 |   2 |  747.5 |
               +--------+--------+--------+--------+--------+-----+--------+

Top non-repeatable levels by time:
     D:1: 798 daAuts
     D:2: 697 daAuts
